 Dungeon Crawl Stone Soup version 0.29-a0-23-ga79f92ac9c (webtiles) character file.

Game seed: 3169760418245472196

120 croobank the Magician (level 5, -1/37 (38) HPs)
             Began as a Hill Orc Hedge Wizard on Jan 30, 2022.
             Slain by Edmund (3 damage)
             ... on level 5 of the Dungeon.
             The game lasted 00:11:46 (3294 turns).

croobank the Magician (Hill Orc Hedge Wizard)       Turns: 3294, Time: 00:11:46

HP:   -1/37 (38)    AC:  2    Str: 13    XL:     5   Next: 4%
MP:   9/9           EV: 12    Int: 16    God:
Gold: 87            SH:  0    Dex: 10    Spells: 3/10 levels left

rFire   . . .      SeeInvis .   a - +3 hand axe (drain)
rCold   . . .      Faith    .   (no shield)
rNeg    . . .      Spirit   .   b - +0 robe
rPois   .          Reflect  .   c - +0 hat
rElec   .          Harm     .   (no cloak)
rCorr   .          Rampage  .   (no gloves)
Will    .....                   (no boots)
Stlth   ++........              (no amulet)
HPRegen 0.12/turn               (no ring)
MPRegen 0.11/turn               (no ring)

@: lightly drained
A: no striking features
a: no special abilities


You were on level 5 of the Dungeon.
You visited 1 branch of the dungeon, and saw 5 of its levels.

You collected 87 gold pieces.

Inventory:

Hand Weapons
 a - a +3 hand axe of draining (weapon)
 h - a +0 dagger
 i - a +0 war axe
 k - a +0 rapier
Missiles
 d - 11 sling bullets
 e - a throwing net
 f - 59 stones
 l - 20 arrows
Armour
 b - a +0 robe (worn)
 c - a +0 hat (worn)
 m - a +0 leather armour
 n - a +0 ring mail
Jewellery
 p - a ring of flight
Scrolls
 o - a scroll of identify
 q - a scroll of immolation
 r - a scroll of enchant armour {unknown}
 s - a scroll of fear {unknown}
 t - a scroll of noise {unknown}
Potions
 j - a potion of heal wounds


   Skills:
 + Level 1.0 Axes
 + Level 2.1 Dodging
 + Level 2.1 Stealth
 * Level 3.0 Spellcasting
 + Level 1.7 Conjurations
 + Level 2.0 Summonings
 + Level 1.4 Translocations


You had 3 spell levels left.
You knew the following spells:

 Your Spells              Type           Power      Damage    Failure   Level
a - Magic Dart            Conj           32%        1d4       9%          1
b - Call Imp              Summ           8%         N/A       12%         2
c - Slow                  Hex            8%         N/A       19%         1
d - Blink                 Tloc           12%        N/A       16%         2
e - Freeze                Ice            8%         1d3       19%         1

Your spell library contained the following spells:

 Spells                   Type           Power      Damage    Failure   Level
 Searing Ray              Conj           16%        2d5       14%         2
 Conjure Flame            Conj/Fire      5%         6-21      36%         3
 Mephitic Cloud           Conj/Pois/Air  4%         N/A       41%         3
 Frozen Ramparts          Ice            4%         1d2       50%         3
 Fulminant Prism          Conj/Hex       2%         3d6       78%         4
 Hailstorm                Conj/Ice       5%         3d4       78%         4


Dungeon Overview and Level Annotations

Branches:
Dungeon (6/15)
 Temple: D:4-7

Altars:

Annotations:
D:5 Edmund


Message History

A sourceless malevolence fills the Dungeon...
You fall into a shaft and drop 3 floors!
The shaft crumbles and collapses.
A howler monkey zombie and an iguana come into view.
Found a dark potion.
A sourceless malevolence fills the Dungeon... and a teleportation trap spontaneously manifests!
You are yanked towards some nearby monsters!
Your surroundings suddenly seem different. 4 wights come into view.
As you read the scroll of teleportation, it crumbles to dust.
You feel strangely unstable. The wight closely misses you.
You completely miss the wight. You barely miss the wight.
The wight hits you with a +2 long sword.
You feel drained. The wight barely misses you.
You hit the wight.
The wight is moderately damaged.
You hit the wight.
Your surroundings seem slightly different.
A killer bee zombie and a water moccasin skeleton come into view.
Found a scale mail.
Found a stone staircase leading up.
Edmund the Younger comes into view.
He is wielding a +7 vorpal dire flail.
Edmund shouts!
The water moccasin skeleton bites you.
You barely miss the killer bee zombie. You hit the water moccasin skeleton.
You hit the wight but do no damage. The killer bee zombie misses you.
The water moccasin skeleton barely misses you.
The killer bee zombie closely misses you.
The wight barely misses you. The killer bee zombie hits you.
The killer bee zombie hits you.
There is a stone staircase leading up here.
You climb upwards.
Found a scroll labelled DETIONG CIOCO.
There is a stone staircase leading down here.
Okay, then.
Press: ? - help, v - describe, . - travel The floor.
Edmund hits you with a +7 vorpal dire flail!
* * * LOW HITPOINT WARNING * * *
You die...

####### #.....#
#>....#
#.....##
#....?.##
####...@...####
.......@.......
####.....###..#
####.## .# #.#
#.# #.. ###


You could see Edmund.

Vanquished Creatures
  4 gnolls (D:3)
  An adder (D:2)
  A worm (D:1)
  A dart slug (D:1)
  3 orcs (D:3)
  6 ball pythons
  6 bats
  8 endoplasms
  2 giant cockroaches
  6 goblins
  5 hobgoblins
  7 kobolds
  2 quokkas
  2 frilled lizards (D:1)
  8 rats
62 creatures vanquished.

Notes
Turn   | Place    | Note
-------+----------+-------------------------------------------
     0 | D:1      | croobank the Hill Orc Hedge Wizard began the quest for the
                  | Orb.
     0 | D:1      | Reached XP level 1. HP: 14/14 MP: 3/3
   216 | D:1      | Reached XP level 2. HP: 20/20 MP: 2/5
   252 | D:1      | Learned a level 2 spell: Call Imp
   254 | D:1      | Learned a level 1 spell: Slow
   257 | D:1      | Learned a level 2 spell: Blink
   638 | D:2      | Reached skill level 1 in Translocations
   911 | D:1      | Reached XP level 3. HP: 20/26 MP: 1/7
  1174 | D:1      | Learned a level 1 spell: Freeze
  1235 | D:1      | Found a faded altar of an unknown god.
  2540 | D:2      | Reached XP level 4. HP: 18/33 MP: 8/8
  2848 | D:3      | Reached skill level 3 in Spellcasting
  2852 | D:3      | Reached skill level 1 in Axes
  3104 | D:3      | Reached XP level 5. HP: 30/38 MP: 9/9
  3262 | D:3      | You fall into a shaft and drop 3 floors!
  3281 | D:6      | Noticed Edmund
  3290 | D:5      | Entered Level 5 of the Dungeon
  3294 | D:5      | Slain by Edmund

Illustrated notes

Levels and vault maps discovered:
D:1:      sevenhm_arrival_forest_fort_large_2, layout_loops_cross,
          dilly_ecumenical_altar_fadedgnrine, wad_floor_pattern_untrapped
D:2:      minmay_chambers_of_ones, layout_rooms, mrwooster_statue_mirror
D:3:      layout_loops_ring, hangedman_glass_teeth
D:5:      layout_rooms, minivault_14, kb_lookout_dungeons_type, kennysheep_nub,
          minivault_5, sigmund_army
D:6:      layout_basic, uniq_duvessa, uniq_edmund

Skill      XL: |  1  2  3  4  5 |
---------------+----------------+-----
Translocations | 1 |  1.4
Stealth        | 2 |  2.1
Dodging        | 2 |  2.1
Spellcasting   | 3 |  3.0
Axes           | 1 |  1.0
Summonings     | 2 |  2.0
Conjurations   | |  1.7

Action                   |  1- 3 |  4- 6 || total
-------------------------+-------+-------++-------
Melee: Dagger            |    65 |       ||    65
       Punch             |     2 |       ||     2
       Hand axe          |    35 |    38 ||    73
       Rapier            |     2 |       ||     2
 Cast: Magic Dart        |    58 |     5 ||    63
  Use: Scroll            |       |     5 ||     5
       Potion            |       |     1 ||     1
 Stab: Sleeping          |       |     2 ||     2
Armor: Robe              |    21 |       ||    21
Dodge: Dodged            |    73 |    29 ||   102

Table legend: (Time is in decaauts)
 A = Elapsed time spent in this place.
 B = Non-inter-level travel time spent in this place.
 C = Inter-level travel time spent in this place.
 D = Time resting spent in this place.
 E = Time spent auto-exploring this place.
 F = Levels seen in this place.
 G = Mean time per level.
                   A        B        C        D        E       F      G
               +--------+--------+--------+--------+--------+-----+--------+
         Total |   3316 |   3260 |     56 |    962 |   1661 |   5 |  663.2 |
       Dungeon |   3316 |   3260 |     56 |    962 |   1661 |   5 |  663.2 |
               +--------+--------+--------+--------+--------+-----+--------+

Top non-repeatable levels by time:
     D:1: 2013 daAuts
     D:2: 717 daAuts
     D:3: 552 daAuts
     D:6: 28 daAuts
     D:5: 3 daAuts
